AoeStats
← Dracarys

Arabia

506421456Analyzed
1v1 RM · 20d ago on Sep 13, 2026· 39m 50s· 2 players
Game mode
Random Map
Map size
Tiny (2 player)
Population
200
Speed
Normal
Resources
Standard
Victory
Conquest
Starting age
Dark Age
Ending age
Imperial Age
RankedLock teamsTeams togetherTeam positionsShared explorationLock speedFull tech treeHidden civsTurbo modeCheats
Victory
Defeat
🇵🇪 Chinese · Peru
1363
+14
🇺🇿 Spanish · Uzbekistan
1327
-14
RedLeader
7:38 Loom
9:53 Feudal Age
10:19 Town Watch
10:34 Double-Bit Axe
10:31 Horse Collar
12:55 Fletching
15:34 Padded Archer Armor
19:22 Wheelbarrow
24:04 Castle Age
25:12 Bodkin Arrow
28:50 Bow Saw
30:12 Sanctity
32:27 Fervor
35:43 Elite Skirmisher
38:08 Leather Archer Armor
Dracarys
0:27 Loom
9:34 Feudal Age
10:05 Double-Bit Axe
14:48 Wheelbarrow
14:27 Fletching
14:53 Horse Collar
26:13 Castle Age
24:56 Gold Mining
26:26 Stone Mining
26:18 Crossbowman
26:58 Bodkin Arrow
27:21 Bow Saw
29:12 Town Watch
31:33 Gold Shaft Mining
32:15 Padded Archer Armor
34:21 Hand Cart
35:45 Light Cavalry
36:35 Bloodlines
39:41 Imperial Age
37:33 Scale Barding Armor
37:38 Forging
38:12 Town Patrol
39:39 Chain Barding Armor
39:54 Iron Casting
40:52 Stone Shaft Mining
Connection lost

Rejoining the realm…

Still unreachable

The connection could not be restored.

Session expired

The server has moved on; the page needs a fresh start.